 Dungeon Crawl Stone Soup version 0.17-a0-1853-ge1bd2c8 (webtiles) character file.

72 Enroth the Charmwright (level 4, -1/23 HPs)
             Began as a Vine Stalker Skald on Sept 20, 2015.
             Was an Initiate of Makhleb.
             Slain by a gnoll (2 damage)
             ... on level 2 of the Dungeon.
             The game lasted 00:02:23 (382 turns).

Enroth the Charmwright (Vine Stalker Skald)          Turns: 382, Time: 00:02:24

Health: -1/23      AC:  3    Str: 15    XL:     4   Next: 25%
Magic:  0/8        EV: 11    Int: 12    God:    Makhleb [......]
Gold:   108        SH:  0    Dex: 18    Spells: 1 memorised, 7 levels left

rFire  . . .     SeeInvis .     a - +0 falchion
rCold  . . .     Clarity  .     b - +0 leather armour
rNeg   . . .     SustAt   .     (no shield)
rPois  .         Gourm    .     (no helmet)
rElec  .         Spirit   +     (no cloak)
rCorr  .         Warding  .     (no gloves)
rMut   .         Stasis   .     (no boots)
MR     .....                    (no amulet)
Stlth  +.........               (no ring)
                                f - +4 ring of dexterity

@: very slow, not resistant to hostile enchantments, very unstealthy
A: fangs 2, regeneration 1, magic shield, antimagic bite, no device heal 3, rot
immunity
a: Renounce Religion


You were on level 2 of the Dungeon.
You worshipped Makhleb.
Makhleb was noncommittal.
You were not hungry.

You visited 1 branch of the dungeon, and saw 2 of its levels.

You collected 108 gold pieces.

Inventory:

Hand weapons
 a - a +0 falchion (weapon)
Armour
 b - a +0 leather armour (worn)
Jewellery
 f - a +4 ring of dexterity (left hand)
Scrolls
 e - a scroll of teleportation {unknown}
Books
 c - a book of Battle

   Spells                             Type                      Level
   a - Infusion                       Charms                       1
   b - Shroud of Golubria             Charms/Translocation         2
   c - Song of Slaying                Charms                       2
   d - Spectral Weapon                Hexes/Charms                 3
   e - Regeneration                   Charms/Necromancy            3
Comestibles
 d - 2 bread rations
 g - a beef jerky


   Skills:
 + Level 2.0 Fighting
 + Level 2.3 Long Blades
 + Level 1.3 Armour
 + Level 1.1 Dodging
 + Level 0.3 Stealth
 + Level 2.6 Spellcasting
 + Level 3.6 Charms


You had 7 spell levels left.
You knew the following spells:

 Your Spells              Type           Power        Failure   Level  Hunger
a - Infusion              Chrm           ##....       10%         1    #......


Dungeon Overview and Level Annotations

Branches:
Dungeon (2/15)

Altars:
Cheibriados
Makhleb


Innate Abilities, Weirdness & Mutations

You have extremely sharp teeth.
Your natural rate of healing is unusually fast.
When hurt, damage is shared between your health and your magic reserves.
Your bite disrupts and absorbs the magic of your enemies.
Potions and wands cannot restore your health.
You are immune to rotting.


Message History

The gnoll hits you with a flail!
* * * LOW HITPOINT WARNING * * *
You closely miss the gnoll.
The gnoll is severely wounded.
The gnoll barely misses you. The gnoll closely misses you.
The gnoll hits you with a flail.
* * * LOW HITPOINT WARNING * * *
You closely miss the gnoll. Your bite misses the gnoll.
The gnoll is severely wounded.
The gnoll closely misses you. The gnoll barely misses you.
The gnoll closely misses you.
Unknown command.
You hit the gnoll. You bite the gnoll. You drain its power.
You feel invigorated.
You kill the gnoll!
Makhleb accepts your kill. The gnoll completely misses you.
The gnoll hits you with a flail.
* * * LOW HITPOINT WARNING * * *
The gnoll hits you.
You die...

#...<..# ###### #......#
#....# #......# #....#
##......# #....#
#.......####### #....#
###..............
#....######......(.........
###.#......†....gg..........
.....^.......##.@)..........
#.##.##..#......####........
#.##.##.......### #........
#..#.##.......... #........
##.#.....#....... #........
##.................#.##g####
#....#...........#. .# .#
..####....###....# .##


You could see 2 gnolls.

Vanquished Creatures
  A crimson imp (D:2)
  2 adders (D:2)
  A gnoll (D:2)
  A bat (D:2)
  A giant cockroach (D:2)
  2 goblins (D:2)
  A hobgoblin (D:2)
  2 jackals (D:2)
  A giant newt (D:2)
  A kobold (D:2)
  A quokka (D:2)
  3 rats
17 creatures vanquished.

Notes
Turn   | Place    | Note
--------------------------------------------------------------
     0 | D:1      | Enroth the Vine Stalker Skald began the quest for the Orb.
     0 | D:1      | Reached XP level 1. HP: 11/11 MP: 4/4
    57 | D:1      | You fall through a shaft!
    63 | D:2      | Reached XP level 2. HP: 9/15 MP: 3/6
    64 | D:2      | Found a faded altar to an unknown god.
    79 | D:2      | Became a worshipper of Cheibriados the Contemplative
    79 | D:2      | Acquired Cheibriados's first power
   212 | D:2      | Reached skill level 1 in Armour
   212 | D:2      | Reached XP level 3. HP: 7/18 MP: 4/7
   269 | D:2      | Found a burning altar of Makhleb.
   269 | D:2      | Noticed a crimson imp
   283 | D:2      | Killed a crimson imp
   283 | D:2      | Reached skill level 1 in Dodging
   283 | D:2      | Reached XP level 4. HP: 7/23 MP: 8/8
   288 | D:2      | Fell from the grace of Cheibriados
   288 | D:2      | Became a worshipper of Makhleb the Destroyer
   382 | D:2      | HP: 1/23 [gnoll/flail (3)]
   382 | D:2      | Slain by a gnoll

Vault maps used:
D:1:      dpeg_arrival_central
D:2:      makhleb_grotto_becter, first_bread, ecumenical_altar_1

Action                   |  1- 3 |  4- 6 || total
-------------------------+-------+-------++-------
Melee: Falchion          |    48 |     8 ||    56
 Cast: Infusion          |     1 |       ||     1
